 Dungeon Crawl Stone Soup version 0.28.0 (webtiles) character file.

Game seed: 2146800773419224591

49 horus123 the Gusty (level 3, -1/19 HPs)
             Began as a Tengu Air Elementalist on Feb 11, 2022.
             Slain by an ogre (19 damage)
             ... on level 2 of the Dungeon.
             The game lasted 00:03:22 (2535 turns).

horus123 the Gusty (Tengu Air Elementalist)         Turns: 2535, Time: 00:03:22

Health: -1/19      AC:  4    Str:  8    XL:     3   Next: 75%
Magic:  6/8        EV: 12    Int: 17    God:
Gold:   64         SH:  0    Dex: 14    Spells: 2/8 levels left

rFire   . . .      SeeInvis .   g - +0 short sword (venom)
rCold   . . .      Faith    .   (no shield)
rNeg    . . .      Spirit   .   a - +0 robe
rPois   .          Reflect  .   (helmet restricted)
rElec   .          Harm     .   c - +1 cloak
rCorr   .          Rampage  .   (no gloves)
Will    .....                   (boots unavailable)
Stlth   ++........              (no amulet)
HPRegen 0.06/turn               (no ring)
MPRegen 0.11/turn               (no ring)

@: no status effects
A: beak, talons 3
a: no special abilities


You were on level 2 of the Dungeon.
You visited 1 branch of the dungeon, and saw 3 of its levels.

You collected 64 gold pieces.

Inventory:

Hand Weapons
 g - a +0 short sword of venom (weapon)
Armour
 a - a +0 robe (worn)
 c - a +1 cloak (worn)
Wands
 d - a wand of iceblast (13)
Scrolls
 b - a scroll of identify
 e - a scroll of fear
 f - a scroll of blinking {unknown}
 h - a scroll of enchant armour {unknown}


   Skills:
 - Level 2.1 Dodging
 - Level 2.0 Stealth
 - Level 3.0 Spellcasting
 - Level 2.1 Conjurations
 + Level 4.8 Air Magic


You had 2 spell levels left.
You knew the following spells:

 Your Spells              Type           Power      Damage    Failure   Level
a - Shock                 Conj/Air       56%        1d6       4%          1
b - Static Discharge      Conj/Air       14%        N/A       6%          2
c - Swiftness             Air            19%        N/A       7%          3

Your spell library contained the following spells:

 Spells                   Type           Power      Damage    Failure   Level
 Airstrike                Air            9%         N/A       24%         4


Dungeon Overview and Level Annotations

Branches:
Dungeon (3/15)

Altars:


Innate Abilities, Weirdness & Mutations

You have a beak for a mouth.
You have claws for feet.


Message History

Found a spear.
A rat comes into view.
The zap hits the rat.
The rat is moderately wounded.
The zap hits the rat.
The rat is severely wounded.
The zap hits the rat.
You kill the rat!
You can't see any susceptible monsters within range! (Use Z to cast anyway.)
You can't see any susceptible monsters within range! (Use Z to cast anyway.)
h - a scroll labelled MOTOEGEIHA You now have 64 gold pieces (gained 5).
There is a stone staircase leading down here.
Done exploring.
Done exploring.
(D) Dungeon
Where to? (Enter - D:2, ? - help)
What level of the Dungeon? (default 1, ? - help)
There is a stone staircase leading down here.
You climb downwards.
The ogre shouts!
The kobold shouts!
Found 6 gold pieces and 24 arrows.
There is a stone staircase leading up here.
There are monsters nearby!
The ogre barely misses you.
You climb upwards.
There is a stone staircase leading down here.
Aiming: Iceblast
Press: ? - help, Shift-Dir - straight line, f - ogre
Aim: an ogre, wielding a +0 giant club The mass of ice explodes!
The iceblast engulfs the ogre!!
The ogre is severely wounded.
Casting: Shock (safe; 4% risk of failure)
Confirm with . or Enter, or press ? or * to list all spells.
The ogre is struck by an arc of lightning!
The ogre is almost dead.
You are struck by an arc of lightning.
The lightning grounds out.
The ogre hits you with a +0 giant club!!
Ouch! That really hurt!
You die...

#......# ##.....# #.....#
#.....# #### #.....# ...#
#.>...# ...# ##....###########
...#############O####.........#
...'...........#@# #.........#
...##########.##.# #.........#
...# #..<...#.##.####>........#
...# #.#.##)#.##..............#
...# #.#.##†#.########.########
...#
#.#..#.#.##.....#.##########
##.#
#.#..#.#.##.##.##.#.........
#.#
#.#..#.#.##.##.##.#.########
##.#
#[##.#.#.##.##.##.#.########


You could see an ogre.

Vanquished Creatures
  2 dart slugs (D:1)
  4 ball pythons
  10 bats
  4 endoplasms
  2 giant cockroaches
  A hobgoblin (D:2)
  2 jackals (D:2)
  6 frilled lizards
  4 goblins
  3 kobolds
  7 rats
45 creatures vanquished.

Notes
Turn   | Place    | Note
-------+----------+-------------------------------------------
     0 | D:1      | horus123 the Tengu Air Elementalist began the quest for the
                  | Orb.
     0 | D:1      | Reached XP level 1. HP: 10/10 MP: 4/4
   385 | D:1      | Reached XP level 2. HP: 15/15 MP: 0/6
   511 | D:1      | Learned a level 2 spell: Static Discharge
   996 | D:1      | Found a faded altar of an unknown god.
  1160 | D:1      | Reached XP level 3. HP: 12/19 MP: 2/8
  1292 | D:1      | Learned a level 3 spell: Swiftness
  2409 | D:2      | Identified the +3 leather armour "Kyrelob" {Harm rF+ Str+3
                  | Int-4}
  2528 | D:3      | Noticed an ogre
  2535 | D:2      | Slain by an ogre

Illustrated notes

Levels and vault maps discovered:
D:1:      mainiacjoe_arrival_reflecting_pool, layout_basic,
          hellmonk_ecumenical_altar_pennies_from_heaven, minmay_misc_feat_chi
D:2:      layout_basic, minmay_domino_2
D:3:      layout_loops_ring, nicolae_elevator_lobby_asterisk, uniq_ijyb,
          uniq_natasha

Skill      XL: |  1  2 |
---------------+-------+-----
Spellcasting   | 3 |  3.0
Conjurations   | 2 |  2.1
Dodging        | |  2.1
Stealth        | |  2.0
Air Magic      | |  4.8

Action                   || total
-------------------------++-------
 Cast: Shock             ||    88
       Static Discharge  ||     1
Evoke: Wand              ||     1
  Use: Scroll            ||     2
Armor: Robe              ||     5
Dodge: Dodged            ||     9
